 Dungeon Crawl Stone Soup version 0.27-a0-1149-g4505690ab0 (webtiles) character file.

Game seed: 1941164850821098273

746 lunkers the Stinger (level 7, -2/44 (46) HPs)
             Began as a Demonspawn Venom Mage on May 13, 2021.
             Hit by a boomerang thrown by an orc warrior (14 damage)
             ... on level 3 of the Dungeon.
             The game lasted 00:06:05 (5347 turns).

lunkers the Stinger (Demonspawn Venom Mage)         Turns: 5347, Time: 00:06:07

HP:   -2/44 (46)    AC:  2    Str:  8    XL:     7   Next: 48%
MP:   10/14         EV: 11    Int: 19    God:
Gold: 127           SH:  3    Dex: 13    Spells: 14/15 levels left

rFire    + . .     SeeInvis .   w - +0 dagger
rCold    . . .     Faith    .   j - +0 buckler
rNeg     . . .     Spirit   .   a - +0 robe
rPois    .         Reflect  .   (helmet restricted)
rElec    .         Harm     .   (no cloak)
rCorr    .         Rampage  .   (no gloves)
Will     .....                  (no boots)
Stlth    ++........             (no amulet)
HPRegen  0.14/turn              h - ring of protection from fire
MPRegen  0.14/turn              (no ring)

@: lightly drained
A: antennae 2, claws 2, hooves 1
a: no special abilities


You were on level 3 of the Dungeon.
You visited 1 branch of the dungeon, and saw 4 of its levels.
You also visited: Sewer.

You collected 127 gold pieces.

Inventory:

Hand Weapons
 w - a +0 dagger (weapon)
Missiles
 o - 3 atropa-tipped darts
 q - 3 curare-tipped darts
Armour
 a - a +0 robe (worn)
 j - a +0 buckler (worn)
 u - a scarf of harm
Jewellery
 g - a ring of ice
 h - a ring of protection from fire (left claw)
 x - a +6 ring of intelligence
Scrolls
 d - a scroll of amnesia {unknown}
 e - 2 scrolls of noise {unknown}
 f - a scroll of enchant armour {unknown}
 i - a scroll of holy word {unknown}
 m - 2 scrolls of fear {unknown}
 p - a scroll of blinking {unknown}
 s - 2 scrolls of fog {unknown}
 t - a scroll of summoning {unknown}
 v - a scroll of identify {unknown}
 y - a scroll of enchant weapon {unknown}
 z - a scroll of immolation {unknown}
Potions
 b - a potion of berserk rage
 c - 2 potions of curing {unknown}
 k - a potion of haste {unknown}
 l - 2 potions of attraction
 n - 2 potions of brilliance
 r - a potion of mutation {unknown}


   Skills:
 - Level 1.7 Dodging
 - Level 1.7 Stealth
 + Level 4.7 Spellcasting
 - Level 0.8 Transmutations
 * Level 7.4 Poison Magic


You had 14 spell levels left.
You knew the following spells:

 Your Spells              Type           Power      Damage    Failure   Level
a - Sting                 Tmut/Pois      80%        1d7       3%          1

Your spell library contained the following spells:

 Spells                   Type           Power      Damage    Failure   Level
 Poisonous Vapours        Pois/Air       36%        N/A       7%          2
 Olgreb's Toxic Radiance  Pois           32%        N/A       10%         4
 Spider Form              Tmut/Pois      10%        N/A       12%         3
 Beastly Appendage        Tmut           14%        N/A       16%         1
 Ignite Poison            Fire/Tmut/Pois 15%        N/A       21%         3
 Magic Dart               Conj           16%        1d3       22%         1
 Wereblood                Tmut           7%         N/A       22%         2
 Mephitic Cloud           Conj/Pois/Air  14%        N/A       22%         3
 Blink                    Tloc           N/A        N/A       32%         2
 Call Imp                 Summ           4%         N/A       32%         2
 Slow                     Hex            4%         N/A       32%         2
 Conjure Flame            Conj/Fire      4%         6-21      54%         3
 Ice Form                 Ice/Tmut       6%         N/A       87%         4
 Hydra Form               Tmut           3%         N/A       99%         5


Dungeon Overview and Level Annotations

Branches:
Dungeon (4/15)              Sewer (visited)
 Temple: D:4-7

Altars:
Ashenzari
Nemelex Xobeh
Qazlal

Shops:
D:1 =(=


Innate Abilities, Weirdness & Mutations

You have a pair of antennae on your head.
You have very sharp fingernails.
You have large cloven feet.


Message History

Reactivating autopickup.
There is a stone staircase leading down here.
The orc warrior throws a boomerang.
The boomerang closely misses you.
The orc warrior throws a boomerang.
The boomerang barely misses you.
You are too injured to fight recklessly!
You are too injured to fight recklessly!
You are too injured to fight recklessly!
You are too injured to fight recklessly!
Casting: Sting (safe; 3% risk of failure)
Confirm with . or Enter, or press ? or * to list all spells.
Aiming: Sting (safe; 3% risk of failure)
Press: ? - help, Shift-Dir - straight line, f - orc warrior
Aim: an orc warrior, wielding a +0 hand axe, wearing a +0 plate armour of willpower and quivering boomerangs (severely wounded, poisoned, 76% to hit)
The sting misses the orc warrior.
Unknown command.
Unknown command.
Casting: Sting (safe; 3% risk of failure)
Confirm with . or Enter, or press ? or * to list all spells.
Aiming: Sting (safe; 3% risk of failure)
Press: ? - help, Shift-Dir - straight line, f/p - orc warrior
Aim: an orc warrior, wielding a +0 hand axe, wearing a +0 plate armour of willpower and quivering boomerangs (severely wounded, poisoned, 76% to hit)
The sting hits the orc warrior.
The orc warrior looks even sicker.
The orc warrior is severely wounded.
Unknown command.
Unknown command.
The orc warrior sings a few bars from the Orcish anthem.
Casting: Sting (safe; 3% risk of failure)
Confirm with . or Enter, or press ? or * to list all spells.
Aiming: Sting (safe; 3% risk of failure)
Press: ? - help, Shift-Dir - straight line, f/p - orc warrior
Aim: an orc warrior, wielding a +0 hand axe, wearing a +0 plate armour of willpower and quivering boomerangs (almost dead, poisoned, 76% to hit)
The sting hits the orc warrior but does no damage.
The orc warrior looks even sicker.
The orc warrior is almost dead.
The orc warrior hits you with a +0 hand axe!
* * * LOW HITPOINT WARNING * * *
Unknown command.
The orc warrior completely misses you.
The orc warrior throws a boomerang.
The boomerang hits you!
You die...

#.... #.### #.# #.# #.#
####'###
###########.......
#.........'.......
#@#########....... #.#
####'##. #o# #.##. #.#
#.##.
#########.############.##.
#..................(...###
#.#######.################
#.# #.# #...... #.# #.#
#......


You could see an orc warrior (very poisoned).

Vanquished Creatures
  Sigmund (D:2)
  Purgy (Sewer)
  2 ogres
  A necrophage (D:3)
  A scorpion (D:3)
  A hound (D:4)
  An orc priest (D:4)
  5 adders
  4 worms
  A dart slug (D:4)
  3 orcs
  6 bats
  3 endoplasms
  3 giant cockroaches
  8 goblins
  4 hobgoblins (D:2)
  4 jackals (D:1)
  4 quokkas
  13 ball pythons
  4 frilled lizards
  6 kobolds
  8 rats
84 creatures vanquished.

Notes
Turn   | Place    | Note
-------+----------+-------------------------------------------
     0 | D:1      | lunkers the Demonspawn Venom Mage began the quest for the
                  | Orb.
     0 | D:1      | Reached XP level 1. HP: 13/13 MP: 3/3
   517 | D:1      | Found Pisayt's Antique Weapon Emporium.
   780 | D:1      | Gained mutation: You have sharp fingernails. [demonic
                  | ancestry]
   780 | D:1      | Reached XP level 2. HP: 19/19 MP: 1/5
   981 | D:1      | Found Kaur's Jewellery Boutique.
  1508 | D:1      | Found Ihucu's Jewellery Shop.
  1533 | D:1      | Found a faded altar of an unknown god.
  1748 | D:2      | Gained mutation: You have very sharp fingernails. [demonic
                  | ancestry]
  1748 | D:2      | Reached XP level 3. HP: 18/24 MP: 0/6
  1834 | D:2      | Noticed an ogre
  1862 | D:2      | Killed an ogre
  1863 | D:2      | Reached skill level 4 in Poison Magic
  1863 | D:2      | Reached XP level 4. HP: 30/30 MP: 1/8
  2091 | D:2      | Noticed Sigmund
  2143 | D:2      | Killed Sigmund
  2144 | D:2      | Reached skill level 5 in Poison Magic
  2144 | D:2      | Gained mutation: You have a pair of small antennae on your
                  | head. [demonic ancestry]
  2144 | D:2      | Reached XP level 5. HP: 9/35 MP: 2/10
  2144 | D:2      | Gained mutation: You have large cloven feet. [demonic
                  | ancestry]
  2144 | D:2      | Reached XP level 6. HP: 11/41 MP: 2/11
  3160 | D:3      | Noticed a water elemental
  3163 | D:3      | Found a stormy altar of Qazlal.
  3164 | D:3      | Noticed an air elemental
  3165 | D:3      | Noticed a fire elemental
  3185 | D:3      | Found a broken altar of Ashenzari.
  3435 | D:3      | Found a glowing drain.
  3471 | Sewer    | Entered a sewer
  3509 | Sewer    | Noticed Purgy
  3521 | Sewer    | Killed Purgy
  3522 | Sewer    | Reached skill level 6 in Poison Magic
  4391 | D:4      | Gained mutation: You have a pair of antennae on your head.
                  | [demonic ancestry]
  4391 | D:4      | Reached XP level 7. HP: 46/46 MP: 6/13
  4406 | D:4      | Reached skill level 7 in Poison Magic
  4543 | D:4      | Found a sparkling altar of Nemelex Xobeh.
  5347 | D:3      | Hit by a boomerang thrown by an orc warrior

Illustrated notes

Levels and vault maps discovered:
D:1:      dpeg_arrival_snail, layout_basic,
          shapermc_ecumenical_altar_mp_vishouse, serial_shops,
          nicolae_shop_waterfront, shop, nicolae_shop_window_shopping
D:2:      layout_basic, grunt_decor_arrowhead, uniq_sigmund
D:3:      layout_basic, marbit_many_paths, nicolae_qazlal_style_of_elements,
          cheibrodos_sewer_entry_drain
D:4:      layout_basic, nemelex_diamond_rough_becter, serial_corexii_hall,
          corexii_hall_statues_l, corexii_hall_statues_i,
          corexii_hall_statues_deadend, corexii_hall_statues_x,
          corexii_hall_statues_u, corexii_hall_statues_u,
          guppyfry_early_orc_mine

Skill      XL: |  1  2  3  4  5  6  7 |
---------------+----------------------+-----
Spellcasting   | 3 4 |  4.7
Poison Magic   | 4 5 6 7 |  7.4
Dodging        | |  1.7
Stealth        | |  1.7
Transmutations | |  0.8

Action                   |  1- 3 |  4- 6 |  7- 9 || total
-------------------------+-------+-------+-------++-------
Melee: Unarmed           |     9 |       |       ||     9
       Dagger            |       |       |    17 ||    17
       Kick              |       |       |     6 ||     6
 Cast: Sting             |    51 |   117 |    41 ||   209
  Use: Potion            |       |       |     3 ||     3
Armor: Robe              |     2 |     8 |     7 ||    17
Dodge: Dodged            |    29 |    31 |    28 ||    88
Block: Buckler           |     1 |    10 |     5 ||    16

Table legend: (Time is in decaauts)
 A = Elapsed time spent in this place.
 B = Non-inter-level travel time spent in this place.
 C = Inter-level travel time spent in this place.
 D = Time resting spent in this place.
 E = Time spent auto-exploring this place.
 F = Levels seen in this place.
 G = Mean time per level.
                   A        B        C        D        E       F      G
               +--------+--------+--------+--------+--------+-----+--------+
         Total |   5362 |   5229 |    133 |    156 |   4213 |   5 | 1072.4 |
       Dungeon |   4887 |   4754 |    133 |     70 |   3891 |   4 | 1221.8 |
         Sewer |    475 |    475 |      0 |     86 |    322 |   1 |  475.0 |
               +--------+--------+--------+--------+--------+-----+--------+

Top non-repeatable levels by time:
     D:1: 1617 daAuts
     D:2: 1293 daAuts
     D:3: 1184 daAuts
     D:4: 792 daAuts
   Sewer: 475 daAuts
